 Dungeon Crawl Stone Soup version 0.31-a0-692-gf03d1854d5 (webtiles) character file.

Game seed: 13651537588913775418

503 qw the Shooter (level 7, -1/43 HPs)
             Began as a Gargoyle Hunter on Sept 6, 2023.
             Slain by a river rat (7 damage)
             ... summoned by Eustachio
             ... on level 4 of the Dungeon.
             The game lasted 00:01:15 (2972 turns).

qw the Shooter (Gargoyle Hunter)                    Turns: 2972, Time: 00:01:15

Health: -1/43      AC:  8    Str: 11 (14) XL:     7   Next: 17%
Magic:  7/7        EV: 12    Int:  8 (10) God:
Gold:   217        SH:  0    Dex: 14 (15) Spells: 6/6 levels left

rFire   + . .        Y - +0 shortbow
rCold   + . .        (shield currently unavailable)
rNeg    + . .        c - +2 robe {rF+}
rPois   inf          (no helmet)
rElec   +            (no cloak)
rCorr   .            (no gloves)
SInv    .            (no boots)
Will    .....        (no amulet)
Stlth   ++           h - ring of protection from cold
HPRegen 0.27/turn    (no ring)
MPRegen 0.10/turn

%: no passive effects
@: about to teleport
A: sickness immunity, AC +4, negative energy resistance 1, electricity
resistance, torment resistance 1, petrification resistance
a: no special abilities


You were on level 4 of the Dungeon.
You visited 1 branch of the dungeon, and saw 4 of its levels.

You collected 217 gold pieces.


Innate Abilities, Weirdness & Mutations

You are immune to sickness and miasma.
Your stone body is resilient. (AC +4)
You are immune to poison.
You resist negative energy. (rN+)
You are resistant to electric shocks. (rElec)
You are resistant to unholy torment.
You are immune to petrification.


   Skills:
 - Level 4.0 Fighting
 + Level 7.7 Ranged Weapons
 - Level 1.0 Armour
 - Level 1.5 Dodging
 - Level 1.1 Stealth


You had 6 spell levels left.
You didn't know any spells.
Your spell library was empty.

Inventory:

Hand Weapons
 Y - a +0 shortbow (weapon)
Armour
 c - a +2 robe of fire resistance (worn)
Jewellery
 h - a ring of protection from cold (left hand)
Scrolls
 e - a scroll of enchant armour
 g - a scroll of identify
Potions
 b - a potion of haste
 j - a potion of brilliance {unknown}

Dungeon Overview and Level Annotations

Branches:
Dungeon (4/15)
 Temple: D:4-7

Altars:
Xom

Shops:
D:1 [([

Annotations:
D:4 Eustachio


Message History

The quokka bites you but does no damage.
Eustachio casts a spell.
Enter note:
2964 |||
Found retreat position at 1,0 (floor) with 0 blocking monsters and 1 monsters attacking at destination at distance 1
2964 ||| Stepping ~*~*~tactically~*~*~ (retreating).
The quokka disappears in a puff of smoke!
The rat disappears in a puff of smoke!
You shoot an arrow. The arrow hits the quokka.
The quokka is severely wounded.
The quokka bites you.
You shoot an arrow. The arrow barely misses the quokka.
The arrow misses the bat.
The arrow closely misses Eustachio.
The quokka barely misses you.
Eustachio casts a spell.
Eustachio blinks!
The quokka barely misses you.
You shoot an arrow.
The arrow hits the quokka but does no damage.
The quokka is severely wounded.
The quokka closely misses you.
You shoot an arrow. The arrow barely misses the quokka.
The arrow hits the bat.
The bat is moderately wounded.
The quokka misses you.
The river rat twitches its whiskers.
You shoot an arrow. The arrow barely misses the quokka.
The arrow misses the bat.
The quokka barely misses you.
You shoot an arrow. The arrow hits the quokka.
You kill the quokka!
The quokka's corpse disappears in a puff of smoke!
The bat hits you.
You shoot an arrow. The arrow barely misses the river rat.
The arrow hits the bat!
You kill the bat!
The bat's corpse disappears in a puff of smoke!
The river rat bites you!
2972 ||| READING scroll of teleportation.
As you read the scroll of teleportation, it crumbles to dust.
You feel strangely unstable. The river rat bites you!
You die...

........# #g#%..#.. .......
........######..5..# .. ##
.............5##...# .. #.
.............g##...# #.. ##.
...................####.### #..
.............r.#..........####.#
...............##..........#.).#
.............b###..........).###
.............@r@'.........>###
.....############..........# ).
#..........# #..........###
#.............# #..)..........#
#.............# #.............#
##########....#


You could see Eustachio, a river rat (summoned) and a bat (summoned).

Vanquished Creatures
  Grinder (D:3)
  A hound (D:4)
  An iguana (D:3)
  Natasha (twice) (D:2)
  2 orc wizards (D:3)
  3 gnolls (D:3)
  5 adders
  4 dart slugs
  2 orcs
  6 ball pythons
  2 endoplasms
  3 giant cockroaches (D:1)
  2 goblins (D:1)
  2 hobgoblins
  4 jackals (D:4)
  10 kobolds
  4 quokkas
  4 bats
  4 frilled lizards
  2 rats
64 creatures vanquished.

Notes
Turn   | Place    | Note
-------+----------+-------------------------------------------
     0 | D:1      | qw the Gargoyle Hunter began the quest for the Orb.
     0 | D:1      | Reached XP level 1. HP: 12/12 MP: 1/1
     0 | D:1      | 0 ||| qw: Version: 0.3-a-76-g4403597
     0 | D:1      | 0 ||| qw: Game counter: 329
     0 | D:1      | 0 ||| qw: Melee chars always use a shield: true
     0 | D:1      | 0 ||| qw: God list: Okawaru
     0 | D:1      | 0 ||| qw: Allow faded altars: false
     0 | D:1      | 0 ||| qw: Do Orc after clearing Dungeon:15 true
     0 | D:1      | 0 ||| qw: Do second Lair branch before Depths: true
     0 | D:1      | 0 ||| qw: Lair rune preference: random
     0 | D:1      | 0 ||| qw: Goals: Normal
     0 | D:1      | 0 ||| PLANNING D:1-11
    92 | D:1      | Found Umnyusk's Armour Shop.
    97 | D:1      | 97 ||| SHOPLISTING +0 swamp dragon scales (550 gold, have
                  | 17).
    97 | D:1      | 97 ||| SHOPLISTING +2 helmet of intelligence (236 gold,
                  | have 17).
    97 | D:1      | 97 ||| SHOPLISTING +3 leather armour of fire resistance
                  | (264 gold, have 17).
   190 | D:1      | Found Biorghuh's Antique Weapon Emporium.
   198 | D:1      | Reached XP level 2. HP: 17/17 MP: 2/2
   201 | D:1      | 201 ||| UPGRADING to +0 ring mail.
   211 | D:1      | 211 ||| DROPPING +0 leather armour.
   217 | D:1      | Found Viwnu's Antique Armour Boutique.
   228 | D:1      | 228 ||| SHOPLISTING pair of embroidered gloves (165 gold,
                  | have 43).
   267 | D:1      | Reached skill level 1 in Armour
   511 | D:1      | Reached XP level 3. HP: 21/21 MP: 3/3
   782 | D:1      | 782 ||| READING 2 scrolls labelled EDAG LIERPHI.
   785 | D:1      | 785 ||| READING 2 scrolls labelled SIORHIPESH.
   801 | D:1      | 801 ||| DROPPING scroll of butterflies.
   802 | D:1      | 802 ||| DROPPING scroll of torment.
   953 | D:2      | Reached skill level 5 in Ranged Weapons
   973 | D:2      | Identified the +0 chain mail "Vighosam" {-Tele rCorr Str+3}
  1120 | D:2      | Noticed Natasha
  1129 | D:2      | Killed Natasha
  1130 | D:2      | Reached skill level 3 in Fighting
  1130 | D:2      | Reached XP level 4. HP: 22/28 MP: 4/4
  1161 | D:2      | Found a faded altar of an unknown god.
  1331 | D:2      | Noticed Natasha
  1333 | D:2      | 1333 ||| FLEEEEING.
  1341 | D:2      | Killed Natasha
  1491 | D:2      | 1491 ||| READING scroll labelled ELIUTE VEERGH.
  1492 | D:2      | 1492 ||| READING 2 scrolls labelled CUMIUM KOIRER.
  1493 | D:2      | 1493 ||| DRINKING 2 fuming silvery potions.
  1507 | D:3      | 1507 ||| RETREATING.
  1512 | D:3      | 1512 ||| Stepping ~*~*~tactically~*~*~ (retreating).
  1520 | D:3      | Reached XP level 5. HP: 26/32 MP: 5/5
  1545 | D:3      | Reached skill level 6 in Ranged Weapons
  1742 | D:3      | Found a shimmering altar of Xom.
  1771 | D:3      | Noticed Grinder
  1771 | D:3      | Paralysed by Grinder for 5 turns
  1779 | D:3      | Paralysed by Grinder for 2 turns
  1785 | D:3      | Paralysed by Grinder for 3 turns
  1791 | D:3      | HP: 4/32 [Grinder (6)]
  1792 | D:3      | 1792 ||| READING scroll of teleportation.
  2319 | D:3      | Reached XP level 6. HP: 38/38 MP: 6/6
  2498 | D:3      | Paralysed by Grinder for 2 turns
  2509 | D:3      | HP: 9/38 [Grinder/nerve-wracking pain (4)]
  2511 | D:3      | Paralysed by Grinder for 2 turns
  2518 | D:3      | Killed Grinder
  2519 | D:3      | Reached skill level 7 in Ranged Weapons
  2519 | D:3      | Reached XP level 7. HP: 13/43 MP: 7/7
  2796 | D:3      | 2796 ||| UPGRADING to +2 robe of fire resistance.
  2806 | D:3      | 2806 ||| DROPPING +0 ring mail.
  2807 | D:3      | 2807 ||| UPGRADING to ring of protection from cold.
  2808 | D:3      | 2808 ||| READING 2 scrolls labelled LEKLUA DITUM.
  2809 | D:3      | 2809 ||| DRINKING 2 amethyst potions.
  2810 | D:3      | 2810 ||| DROPPING scroll of revelation.
  2811 | D:3      | 2811 ||| DROPPING potion of degeneration.
  2940 | D:4      | Noticed Eustachio
  2944 | D:4      | 2944 ||| Stepping ~*~*~tactically~*~*~ (retreating).
  2945 | D:4      | 2945 ||| Stepping ~*~*~tactically~*~*~ (retreating).
  2956 | D:4      | 2956 ||| Stepping ~*~*~tactically~*~*~ (retreating).
  2957 | D:4      | 2957 ||| Stepping ~*~*~tactically~*~*~ (retreating).
  2958 | D:4      | 2958 ||| Stepping ~*~*~tactically~*~*~ (retreating).
  2959 | D:4      | 2959 ||| Stepping ~*~*~tactically~*~*~ (retreating).
  2960 | D:4      | 2960 ||| Stepping ~*~*~tactically~*~*~ (retreating).
  2961 | D:4      | 2961 ||| Stepping ~*~*~tactically~*~*~ (retreating).
  2964 | D:4      | 2964 ||| Stepping ~*~*~tactically~*~*~ (retreating).
  2971 | D:4      | HP: 6/43 [river rat[Eustachio] (7)]
  2972 | D:4      | 2972 ||| READING scroll of teleportation.
  2972 | D:4      | Slain by a river rat

Levels and vault maps discovered:
D:1:      dpeg_arrival_pond, layout_basic, serial_shops,
          nicolae_shop_dealshenge, nicolae_shop_crystal, nicolae_shop_stone,
          serial_curves, eino_curves_04, eino_curves_03, eino_curves_02,
          minmay_misc_feat_room
D:2:      layout_loops_cross, hellmonk_ecumenical_altar_inner_sanctum,
          uniq_natasha
D:3:      layout_loops_corners, mainiacjoe_overflow_catwalk, st_stairs_14,
          uniq_grinder
D:4:      layout_basic, minmay_temple_entry_junction, uniq_eustachio

Skill      XL: |  1  2  3  4  5  6 |
---------------+-------------------+-----
Armour         | 1 |  1.0
Ranged Weapons | 5 6 7 |  7.7
Fighting       | 3 4 |  4.0
Dodging        | |  1.5
Stealth        | |  1.1

Action                     |  1- 3 |  4- 6 |  7- 9 || total
---------------------------+-------+-------+-------++-------
   Fire: Shortbow          |    79 |   178 |    51 ||   308
    Use: Scroll            |     2 |     3 |     2 ||     7
         Potion            |       |     1 |     1 ||     2
 Armour: Ring mail         |    12 |    90 |     2 ||   104
         Robe              |       |       |    29 ||    29
  Dodge: Dodged            |    16 |    49 |    20 ||    85

Table legend:
 A = Non-vault XP
 B = Vault XP
 C = Vault XP percentage of total XP
 D = Non-vault monster count
 E = Vault monster count
 F = Vault count percentage of total count
                 A         B        C        D         E       F
            +---------+---------+-------+---------+---------+-------
      Total |     379 |     340 |  47.3 |      60 |       4 |   6.2
            +---------+---------+-------+---------+---------+-------
        D:1 |      41 |       0 |   0.0 |      21 |       0 |   0.0
        D:2 |      82 |      36 |  30.5 |      14 |       1 |   6.7
        D:3 |     194 |     304 |  61.0 |      17 |       3 |  15.0
        D:4 |      62 |       0 |   0.0 |       8 |       0 |   0.0
            +---------+---------+-------+---------+---------+-------
